 Dungeon Crawl Stone Soup version 0.21-a0-39-g28ea6b7 (webtiles) character file.

63 Duffy the Magician (level 3, 0/16 HPs)
             Began as a Spriggan Earth Elementalist on June 3, 2017.
             Slain by a gnoll
             ... wielding a +4 flail
              (16 damage)
             ... on level 2 of the Dungeon.
             The game lasted 00:01:10 (1537 turns).

Duffy the Magician (Spriggan Earth Elementalist)    Turns: 1537, Time: 00:01:12

Health: 0/16       AC:  4    Str:  4    XL:     3   Next: 89%
Magic:  5/9        EV: 18    Int: 17    God:
Gold:   81         SH:  0    Dex: 16    Spells: 6/10 levels left

rFire    . . .     SeeInvis +   a - +0 whip
rCold    . . .     Gourm    .   (shield restricted)
rNeg     . . .     Faith    .   c - +0 robe
rPois    .         Spirit   .   g - +2 hat
rElec    .         Reflect  .   (no cloak)
rCorr    .         Harm     .   (gloves unavailable)
MR       .....                  (boots unavailable)
Stlth    ++........             (no amulet)
Regen    0.1/turn               (no ring)
MPRegen  0.2/turn               (no ring)

@: very quick
A: unfitting armour, see invisible, herbivore 3, speed 3, slow metabolism 2
a: no special abilities


You were on level 2 of the Dungeon.
You were not hungry.

You visited 1 branch of the dungeon, and saw 2 of its levels.

You collected 81 gold pieces.

Inventory:

Hand Weapons
 a - a +0 whip (weapon)
Missiles
 b - 41 stones (quivered)
Armour
 c - a +0 robe (worn)
 g - a +2 hat (worn)
Scrolls
 f - a scroll of blinking {unknown}
 h - 2 scrolls of magic mapping {unknown}
 i - 2 scrolls of identify {unknown}
 o - a scroll of recharging {unknown}
Potions
 j - a potion of might {unknown}
 k - a potion of lignification {unknown}
 l - a potion of heal wounds {unknown}
 m - a potion of resistance {unknown}
 n - a potion of curing {unknown}
Books
 e - a book of Geomancy

   Spells                             Type                      Level
   a - Sandblast                      Earth                        1
   b - Passwall                       Transmutation/Earth          2
   c - Stone Arrow                    Conjuration/Earth            3
   d - Petrify                        Transmutation/Earth          4
   e - Lee's Rapid Deconstruction     Earth                        5
Comestibles
 d - a bread ration


   Skills:
 - Level 3.0 Dodging
 - Level 3.0 Stealth
 * Level 4.3 Spellcasting
 + Level 0.5 Conjurations
   Level 1.3 Transmutations
 + Level 3.3 Earth Magic


You had 6 spell levels left.
You knew the following spells:

 Your Spells              Type           Power        Failure   Level  Hunger
a - Sandblast             Erth           ###...       3%          1    None
h - Stone Arrow           Conj/Erth      ##....       21%         3    ###....


Dungeon Overview and Level Annotations

Branches:
Dungeon (2/15)

Altars:


Innate Abilities, Weirdness & Mutations

You are very small and have problems with some larger weapons.
You are too small for most types of armour.
You have supernaturally acute eyesight. (SInv)
You are a herbivore.
You cover ground extremely quickly.
You need consume almost no food.


Message History

The floor.
Casting: Sandblast
Confirm with . or Enter, or press ? or * to list all spells.
Aiming: Sandblast
Press: ? - help, Shift-Dir - straight line, f/p - gnoll
Aim: a gnoll, wielding an enchanted flail (moderately wounded)
The blast of sand hits the gnoll.
The gnoll is heavily wounded.
b - 42 stones
Casting: Sandblast
Confirm with . or Enter, or press ? or * to list all spells.
Aiming: Sandblast
Press: ? - help, Shift-Dir - straight line, f/p - gnoll
Aim: a gnoll, wielding an enchanted flail (heavily wounded)
The blast of sand hits the gnoll.
The gnoll is severely wounded.
b - 41 stones The gnoll hits you with an enchanted flail!
Ouch! That really hurt!
You die...

........ ....
#.###### ..........
##### #......#
.......$.. ######.#
..... ### #.# .....
#.. #.# ...... #.#
#.# ....##.# #.#
#####..#.##### #.#
g...g....g@..# #.#
#####..#.###.# #.#
.........#.# #.#
###.#.#.#...####.#.#
.....#.#........#.#
.##.#.......######.#
# #.#.#.#.#.# #.# #
#...#.#.# #.# ###
#.#.# #.#


You could see 2 gnolls.

Vanquished Creatures
  Natasha (D:2)
  An adder (D:2)
  2 oozes (D:1)
  A dart slug (D:1)
  A bat (D:1)
  3 goblins (D:1)
  4 hobgoblins (D:1)
  2 jackals (D:1)
  2 kobolds (D:1)
17 creatures vanquished.

Notes
Turn   | Place    | Note
-------+----------+-------------------------------------------
     0 | D:1      | Duffy the Spriggan Earth Elementalist began the quest for the Orb.
     0 | D:1      | Reached XP level 1. HP: 9/9 MP: 5/5
     6 | D:1      | Noticed a crocodile
     6 | D:1      | Noticed a black mamba
     6 | D:1      | Noticed a polar bear
     7 | D:1      | Noticed a worker ant
   545 | D:1      | Reached skill level 3 in Spellcasting
   777 | D:1      | Reached XP level 2. HP: 13/13 MP: 7/7
  1348 | D:1      | Reached XP level 3. HP: 16/16 MP: 9/9
  1353 | D:1      | Learned a level 3 spell: Stone Arrow
  1490 | D:2      | Noticed Natasha
  1494 | D:2      | Killed Natasha
  1494 | D:2      | Reached skill level 4 in Spellcasting
  1537 | D:2      | Slain by a gnoll

Vault maps used:
D:1:      onia_arrival_zoo_common
D:2:      marbit_many_paths, uniq_crazy_yiuf_cottage, uniq_jessica,
          uniq_natasha, uniq_robin

Skill      XL: |  1  2  3 |
---------------+----------+-----
Spellcasting   | 3 4 |  4.3
Earth Magic    | 3 |  3.3
Dodging        | |  3.0
Stealth        | |  3.0
Conjurations   | |  0.5
Transmutations | |  1.3

Action                   || total
-------------------------++-------
Melee: Whip              ||    88
 Cast: Sandblast         ||    16
 Stab: Sleeping          ||     4
Armor: Robe              ||     7
Dodge: Dodged            ||    80
